 Dungeon Crawl Stone Soup version 0.27.1-34-g3ba077fa99 (webtiles) character file.

Game seed: 13331595196489958579

379 Cykl0x the Slasher (level 6, -2/37 HPs)
             Began as a Gargoyle Gladiator on Jan 20, 2022.
             Slain by a black bear (6 damage)
             ... on level 4 of the Dungeon on Jan 21, 2022.
             The game lasted 00:07:44 (3279 turns).

Cykl0x the Slasher (Gargoyle Gladiator)             Turns: 3279, Time: 00:07:45

Health: -2/37      AC: 11    Str: 20    XL:     6   Next: 74%
Magic:  6/6        EV: 11    Int:  8    God:
Gold:   77         SH:  0    Dex: 11    Spells: 0/5 levels left

rFire    . . .     SeeInvis .   a - +0 long sword
rCold    . . .     Faith    .   (no shield)
rNeg     + . .     Spirit   .   f - +0 ring mail
rPois    ∞         Reflect  .   c - +0 helmet
rElec    +         Harm     .   (no cloak)
rCorr    .         Rampage  .   (no gloves)
Will     .....                  (no boots)
Stlth    +.........             (no amulet)
HPRegen  0.12/turn              (no ring)
MPRegen  0.10/turn              (no ring)

@: no status effects
A: sickness immunity, AC +4, negative energy resistance 1, electricity
resistance, torment resistance 1, petrification resistance
a: no special abilities


You were on level 4 of the Dungeon.
You visited 1 branch of the dungeon, and saw 4 of its levels.

You collected 119 gold pieces.
You spent 42 gold pieces at shops.

Inventory:

Hand Weapons
 a - a +0 long sword (weapon)
 d - a +0 short sword of electrocution
Missiles
 i - 34 stones (quivered)
Armour
 b - a +0 leather armour
 c - a +0 helmet (worn)
 f - a +0 ring mail (worn)
Jewellery
 q - a +6 ring of intelligence
Wands
 h - a wand of charming (9)
 p - a wand of polymorph (4)
Scrolls
 g - a scroll of identify
 m - 2 scrolls of fear {unknown}
 n - a scroll of teleportation
Potions
 e - a potion of curing
 j - 2 potions of might {unknown}
 k - 4 potions of heal wounds {unknown}
 o - a potion of degeneration {unknown}


   Skills:
 + Level 3.0 Fighting
 + Level 4.6 Long Blades
 + Level 2.4 Throwing
 * Level 3.4 Armour
 + Level 3.2 Dodging
 * Level 0.2 Spellcasting
 * Level 0.2 Conjurations
 * Level 0.2 Fire Magic


You couldn't memorise any spells.
You knew the following spells:

 Your Spells              Type           Power      Damage    Failure   Level
a - Fireball              Conj/Fire      0%         3d3       100%        5

Your spell library contained the following spells:

 Spells                   Type           Power      Damage    Failure   Level
 Starburst                Conj/Fire      0%         6d3       100%        6
 Ignition                 Fire           0%         3d3       100%        8


Dungeon Overview and Level Annotations

Branches:
Dungeon (4/15)
 Temple: D:4-7

Altars:
Okawaru

Shops:
D:2 *


Innate Abilities, Weirdness & Mutations

You are immune to sickness and miasma.
Your stone body is resilient. (AC +4)
You are immune to poison.
You resist negative energy. (rN+)
You are resistant to electric shocks. (rElec)
You are resistant to unholy torment.
You are immune to petrification.


Message History

The black bear is severely wounded.
The black bear bites you but does no damage.
The black bear barely misses you. The black bear claws you.
The black bear bites you but does no damage.
The black bear misses you. The black bear claws you.
Unknown command.
You hit the black bear but do no damage.
The black bear is severely wounded.
The black bear looks more healthy.
The black bear bites you but does no damage.
The black bear closely misses you.
The black bear claws you but does no damage.
You hit the black bear.
The black bear is almost dead.
The black bear misses you.
You riposte.
You hit the black bear.
The black bear is almost dead.
The black bear claws you but does no damage.
The black bear completely misses you.
The black bear bites you but does no damage.
The black bear claws you but does no damage. x2
You barely miss the black bear.
The black bear is almost dead.
The black bear completely misses you. The black bear barely misses you.
The black bear claws you. The black bear bites you.
* * * LOW HITPOINT WARNING * * *
The black bear claws you but does no damage.
The black bear barely misses you.
You hit the black bear.
The black bear is almost dead.
The black bear bites you but does no damage.
The black bear claws you.
* * * LOW HITPOINT WARNING * * *
The black bear claws you but does no damage.
You barely miss the black bear.
The black bear is almost dead.
The black bear bites you.
* * * LOW HITPOINT WARNING * * *
The black bear claws you but does no damage. x2
The black bear bites you.
You die...

#.......#
#.....^.#
#.......#
#.......#
#.......#
#...)...#
#.......#####..
####..............
#<.).....(@h.(..((
#########......$.#
#........#
#........#
#........#
#........#
#........#
#........#


You could see a black bear (berserk).

Vanquished Creatures
  A sky beast (D:3)
  An ogre (D:2)
  Dowan (D:4)
  An orc priest (D:3)
  Jessica (D:3)
  An iguana (D:3)
  A howler monkey skeleton (D:3)
  An adder (D:2)
  3 worms
  2 dart slugs
  2 orcs (D:3)
  3 bats (D:2)
  2 endoplasms
  5 giant cockroaches (D:2)
  6 goblins
  4 hobgoblins
  4 quokkas
  5 ball pythons
  3 frilled lizards
  5 kobolds
  4 rats
56 creatures vanquished.

Vanquished Creatures (others)
  An orc (D:4)
  9 demonic plants (D:2)
  7 fungi (D:2)
  6 plants (D:2)
  5 withered plants (D:2)
28 creatures vanquished.

Grand Total: 84 creatures vanquished

Notes
Turn   | Place    | Note
-------+----------+-------------------------------------------
     0 | D:1      | Cykl0x the Gargoyle Gladiator began the quest for the Orb.
     0 | D:1      | Reached XP level 1. HP: 12/12 MP: 1/1
   290 | D:1      | Reached XP level 2. HP: 16/17 MP: 2/2
   399 | D:1      | Reached skill level 1 in Armour
   622 | D:1      | Reached skill level 3 in Long Blades
  1001 | D:2      | Reached XP level 3. HP: 8/22 MP: 3/3
  1313 | D:2      | Found a faded altar of an unknown god.
  1354 | D:2      | Noticed an ogre
  1372 | D:2      | Killed an ogre
  1373 | D:2      | Reached XP level 4. HP: 27/27 MP: 4/4
  1393 | D:2      | Reached XP level 5. HP: 31/31 MP: 5/5
  1478 | D:2      | Found Xifuno's Assorted Antiques.
  1487 | D:2      | Bought a scroll labelled REYTZOVOEN for 21 gold pieces
  1487 | D:2      | Bought a scroll labelled SUAXUCS TILA for 21 gold pieces
  2000 | D:3      | Reached skill level 4 in Long Blades
  2418 | D:3      | Found an iron altar of Okawaru.
  2419 | D:3      | Noticed a sky beast
  2429 | D:3      | Killed a sky beast
  2430 | D:3      | Reached XP level 6. HP: 18/36 MP: 6/6
  3104 | D:3      | Noticed Jessica
  3110 | D:3      | Killed Jessica
  3150 | D:3      | Learned a level 5 spell: Fireball
  3237 | D:4      | Noticed Duvessa
  3237 | D:4      | Noticed Dowan
  3245 | D:4      | Noticed Duvessa
  3245 | D:4      | Duvessa changed into Duvessa the orc
  3246 | D:4      | Your ally Duvessa died
  3251 | D:4      | Killed Dowan
  3264 | D:4      | Noticed a black bear
  3279 | D:4      | Slain by a black bear

Illustrated notes

Levels and vault maps discovered:
D:1:      eino_arrival_druids_welcome, layout_basic, due_unseen_surprise
D:2:      layout_loops_ring, serial_shops, shop, shapermc_ecumenical_altar_gd,
          st_stairs_1
D:3:      layout_basic, old_standard_altar, hangedman_decor_clover_reticule,
          uniq_jessica
D:4:      layout_basic, grunt_qazlal_clouds, uniq_duvessa, uniq_sigmund,
          uniq_eustachio

Skill      XL: |  1  2  3  4  5  6 |
---------------+-------------------+-----
Armour         | 1 2 3 |  3.4
Long Blades    | 3 4 |  4.6
Throwing       | 2 |  2.4
Dodging        | 3 |  3.2
Fighting       | 3 |  3.0
Spellcasting   | |  0.2
Conjurations   | |  0.2
Fire Magic     | |  0.2

Action                   |  1- 3 |  4- 6 || total
-------------------------+-------+-------++-------
Melee: Long sword        |    70 |   127 ||   197
Throw: Stone             |    11 |    20 ||    31
       Throwing net      |     2 |     5 ||     7
       Dart              |       |    15 ||    15
Evoke: Wand              |       |     1 ||     1
  Use: Scroll            |       |     6 ||     6
 Stab: Held in net/web   |     3 |     1 ||     4
Armor: Leather armour    |    12 |    24 ||    36
       Ring mail         |       |    57 ||    57
Dodge: Dodged            |    48 |    79 ||   127
       Rpst.: Long sword |    16 |    26 ||    42
